 Dungeon Crawl Stone Soup version 0.27.0-1-g7a089689b8 (webtiles) character file.

Game seed: 7762911553325995172

197 HungrySpirit the Chopper (level 6, 0/46 HPs)
             Began as a Human Arcane Marksman on July 31, 2021.
             Killed by divine providence
             ... invoked by an orc priest
              (15 damage)
             ... on level 3 of the Dungeon.
             The game lasted 00:03:54 (3295 turns).

HungrySpirit the Chopper (Human Arcane Marksman)    Turns: 3295, Time: 00:03:54

Health: 0/46       AC: 12    Str: 13    XL:     6   Next: 5%
Magic:  7/7        EV:  3    Int: 13    God:
Gold:   54         SH:  0    Dex: 13    Spells: 6/7 levels left

rFire    . . .     SeeInvis .   i - +3 hand axe
rCold    . . .     Faith    .   (no shield)
rNeg     . . .     Spirit   .   d - +1 plate armour {rPois}
rPois    +         Reflect  .   (no helmet)
rElec    .         Harm     .   (no cloak)
rCorr    .         Rampage  .   (no gloves)
Will     .....                  (no boots)
Stlth    ..........             (no amulet)
HPRegen  0.15/turn              (no ring)
MPRegen  0.10/turn              (no ring)

@: no status effects
A: no striking features
a: no special abilities


You were on level 3 of the Dungeon.
You visited 1 branch of the dungeon, and saw 3 of its levels.

You collected 54 gold pieces.

Inventory:

Hand Weapons
 b - a +0 war axe
 i - a +3 hand axe (weapon)
Armour
 d - a +1 plate armour of poison resistance (worn)
Scrolls
 e - a scroll of teleportation {unknown}
 f - 4 scrolls of identify {unknown}
 j - a scroll of immolation {unknown}
 k - a scroll of enchant weapon {unknown}
Potions
 a - a potion of curing {unknown}


   Skills:
 + Level 2.9 Fighting
 * Level 3.3 Axes
 - Level 2.0 Bows
 + Level 2.6 Armour
 - Level 2.0 Dodging
 - Level 1.0 Spellcasting
 - Level 3.0 Hexes


You had 6 spell levels left.
You knew the following spells:

 Your Spells              Type           Power      Damage    Failure   Level
a - Corona                Hex            8%         N/A       100%        1

Your spell library contained the following spells:

 Spells                   Type           Power      Damage    Failure   Level
 Slow                     Hex            8%         N/A       100%        2
 Inner Flame              Hex/Fire       4%         N/A       100%        3
 Ozocubu's Armour         Ice            0%         N/A       100%        3
 Portal Projectile        Hex/Tloc       8%         N/A       100%        3
 Cause Fear               Hex            4%         N/A       100%        4
 Ozocubu's Refrigeration  Ice            0%         4d5       100%        7


Dungeon Overview and Level Annotations

Branches:
Dungeon (3/15)

Altars:
Cheibriados
Xom

Shops:
D:1 (

Annotations:
D:3 Ijyb


Message History

The orc wizard gestures wildly while chanting.
The orc wizard flickers and vanishes!
Deactivating autopickup; reactivate with Ctrl-A.
The orc priest invokes the aid of Beogh against you.
Beogh smites you!
You miss something. Something hits you. Ijyb barely misses you.
You hit something.
Reactivating autopickup.
You feel a bit more experienced.
You hit Ijyb but do no damage. Ijyb hits you but does no damage.
You closely miss the orc priest.
Your plate armour prevents you from hitting Ijyb.
The orc priest barely misses you. Ijyb hits you with a +0 club.
You hit the orc priest.
The orc priest is moderately wounded.
You barely miss Ijyb. The orc priest hits you with a +3 mace.
Ijyb hits you with a +0 club.
You closely miss the orc priest.
The orc priest is moderately wounded.
You barely miss Ijyb. The orc priest barely misses you.
Ijyb hits you but does no damage.
You barely miss the orc priest.
The orc priest is moderately wounded.
You hit Ijyb but do no damage.
The orc priest casts a cantrip, but nothing happens.
Ijyb zaps a wand.
You suddenly lose the ability to move!
The orc priest hits you but does no damage.
Ijyb hits you with a +0 club.
The orc priest hits you but does no damage.
Ijyb zaps a wand.
You shrug off the repeated paralysis!
The orc priest hits you with a +3 mace. Ijyb hits you but does no damage.
You can move again.
Unknown command.
Unknown command.
You closely miss the orc priest.
The orc priest is moderately wounded.
You barely miss Ijyb.
The orc priest mumbles some strange prayers to Beogh against you.
Beogh smites you!
You die...

...###.#.........# ##.##<####..#
...###.#.#######.#####..........#
.......#.# ### #.#........####.##
...#####.# ...#.#.######## #.#
...# #.# ###.#.#.# #.# .### #.#
#.....>.# #.# ^# #.# #.#.#.###
#.# .# #.# .. #g# #.## .# #. #@#
#... .. # #o# ########## ## #o#
#......# .o# #.####.# ... #.# #.#
#### #.# #.### #.# #.... #.#
##### #.#


You could see Ijyb, an orc priest and 2 orcs.

Vanquished Creatures
  2 orc wizards
  A mummy (D:3)
  Robin (D:2)
  5 adders
  A worm (D:2)
  A dart slug (D:2)
  4 orcs (D:2)
  8 ball pythons
  5 endoplasms
  A giant cockroach (D:1)
  18 goblins
  7 hobgoblins
  8 jackals (D:1)
  3 quokkas (D:2)
  9 bats
  3 frilled lizards
  4 kobolds
  5 rats
86 creatures vanquished.

Vanquished Creatures (others)
  A worm (D:3)
  A dart slug (D:3)
  2 orcs (D:3)
  2 bats (D:3)
  2 kobolds (D:3)
  A rat (D:3)
9 creatures vanquished.

Grand Total: 95 creatures vanquished

Notes
Turn   | Place    | Note
-------+----------+-------------------------------------------
     0 | D:1      | HungrySpirit the Human Arcane Marksman began the quest for
                  | the Orb.
     0 | D:1      | Reached XP level 1. HP: 15/15 MP: 2/2
   283 | D:1      | Reached XP level 2. HP: 21/21 MP: 3/3
   289 | D:1      | Reached skill level 1 in Armour
   567 | D:1      | Reached XP level 3. HP: 16/27 MP: 4/4
   681 | D:1      | Found Ogavaqiu's Antique Weapon Shop.
   891 | D:1      | Reached skill level 1 in Axes
  1515 | D:2      | Reached XP level 4. HP: 30/33 MP: 5/5
  1959 | D:2      | Noticed Robin
  1981 | D:2      | Killed Robin
  1993 | D:2      | HP: 1/34 [goblin[Robin] (4)]
  2054 | D:2      | Reached XP level 5. HP: 31/39 MP: 6/6
  2926 | D:3      | Found a snail-covered altar of Cheibriados.
  2941 | D:3      | Reached XP level 6. HP: 30/46 MP: 7/7
  3057 | D:3      | Found a faded altar of an unknown god.
  3081 | D:3      | Found a shimmering altar of Xom.
  3284 | D:3      | Noticed Ijyb
  3291 | D:3      | Paralysed by Ijyb for 4 turns
  3295 | D:3      | Killed from afar by an orc priest

Illustrated notes

Levels and vault maps discovered:
D:1:      dpeg_arrival_renting, layout_loops_ring, serial_shops, shop_statue,
          minmay_close_crescents
D:2:      layout_loops_ring, minmay_misc_feat_encased, uniq_robin
D:3:      minmay_angry_zag, layout_loops_ring, xom_confusion_cloud,
          slow_altar_1, mainiacjoe_overflow_paths,
          ebering_ecumenical_altar_rust, serial_bayou_pond_d, uniq_ijyb

Skill      XL: |  1  2  3  4  5 |
---------------+----------------+-----
Armour         | 1 2 |  2.6
Axes           | 1 2 3 |  3.3
Fighting       | 2 |  2.9
Bows           | |  2.0
Dodging        | |  2.0
Spellcasting   | |  1.0
Hexes          | |  3.0

Action                   |  1- 3 |  4- 6 || total
-------------------------+-------+-------++-------
Melee: Hand axe          |    56 |   172 ||   228
 Fire: Shortbow          |    46 |       ||    46
  Use: Potion            |       |     2 ||     2
 Stab: Sleeping          |     2 |     1 ||     3
Armor: Robe              |    19 |    10 ||    29
       Plate armour      |       |    59 ||    59
Dodge: Dodged            |    64 |    88 ||   152
